 Dungeon Crawl Stone Soup version 0.29-a0-490-g77b3608bb8 (webtiles) character file.

Game seed: 2214513121906235610

143 snetch the Magician (level 5, -15/38 HPs)
             Began as a Djinni Fire Elementalist on May 26, 2022.
             Was a Follower of Qazlal.
             Demolished by an ogre
             ... wielding a +0 giant spiked club
              (30 damage)
             ... on level 4 of the Dungeon.
             The game lasted 00:09:24 (3769 turns).

snetch the Magician (Djinni Fire Elementalist)      Turns: 3769, Time: 00:09:29

Health: -15/38     AC:  4    Str:  7    XL:     5   Next: 50%
Gold:   129        EV: 12    Int: 19    God:    Qazlal [*.....] SH:  1 Dex: 13

rFire   + + .      SeeInvis +   a - +2 dagger (elec)
rCold   x . .      Faith    .   (no shield)
rNeg    + + .      Spirit   .   i - +2 robe of the Salmon {*Corrode rN++ Slay+6 SInv}
rPois   ∞          Reflect  .   (no helmet)
rElec   .          Harm     .   (no cloak)
rCorr   .          Rampage  .   (no gloves)
Will    .....                   (boots unavailable)
Stlth   ++........              (no amulet)
HPRegen 0.12/turn               e - ring of wizardry
MPRegen 0.00/turn               (no ring)

@: flying
A: sickness immunity, fire resistance 2, cold vulnerability 1, float, innate
caster, HP casting, extra vitality 1
a: Renounce Religion


You were on level 4 of the Dungeon.
You worshipped Qazlal.
Qazlal was aware of your devotion.
You visited 1 branch of the dungeon, and saw 4 of its levels.

You collected 129 gold pieces.

Inventory:

Hand Weapons
 a - a +2 dagger of electrocution (weapon)
 b - a +0 quarterstaff
 s - a +0 trident
Missiles
 c - 66 stones
 f - 8 poisoned darts
Armour
 i - the +2 robe of the Salmon (worn) {*Corrode rN++ Slay+6 SInv}
   (You found it on level 3 of the Dungeon)

   Slay:      It affects your accuracy & damage with ranged weapons and melee
   (+6).
   rN:        It greatly protects you from negative energy.
   SInv:      It lets you see invisible.
   *Corrode:  It may corrode you when you take damage.
 o - a +0 ring mail
 t - a +0 chain mail
Jewellery
 e - a ring of wizardry (left hand)
Scrolls
 d - 2 scrolls of poison {unknown}
 h - a scroll of fear {unknown}
 j - 2 scrolls of teleportation {unknown}
 k - a scroll of enchant armour {unknown}
 n - 3 scrolls of identify {unknown}
 r - a scroll of amnesia {unknown}
 v - a scroll of magic mapping {unknown}
Potions
 g - 2 potions of flight {unknown}
 l - a potion of brilliance {unknown}
 m - a potion of attraction {unknown}
 p - a potion of mutation {unknown}
 q - 2 potions of lignification {unknown}
 u - a potion of might {unknown}
 w - 2 potions of haste {unknown}


   Skills:
 * Level 1.7 Fighting
 + Level 1.0 Armour
 + Level 2.5 Dodging
 + Level 2.0 Stealth
 + Level 3.8 Spellcasting


You couldn't memorise any spells.
You knew the following spells:

 Your Spells              Type           Power      Damage    Failure   Level
a - Foxfire               Conj/Fire      72%        2x1d7     1%          1
b - Scorch                Fire           36%        2d7       1%          2
c - Conjure Flame         Conj/Fire      18%        6-21      3%          3
d - Inner Flame           Hex/Fire       18%        N/A       3%          3
e - Flame Wave            Conj/Fire      18%        2d6       12%         4
f - Freeze                Ice            72%        1d9       1%          1
g - Static Discharge      Conj/Air       18%        N/A       1%          2
Your spell library was empty.

Dungeon Overview and Level Annotations

Branches:
Dungeon (4/15)
 Temple: D:4-7

Altars:
Hepliaklqana
Qazlal

Shops:
D:3 =


Innate Abilities, Weirdness & Mutations

You are immune to sickness and miasma.
You are immune to poison.
Your flesh is very heat resistant. (rF++)
You are vulnerable to cold. (rC-)
You float through the air rather than walking.
You learn spells naturally, not from books.
Your magical power is your life essence.
You have superior vitality. (+4 MHP)


Message History

Flames lash the kobold.
You kill the kobold!
Qazlal accepts your kill.
x - a +2 dagger of electrocution
Things that are here:
a +0 short sword; a kobold corpse
Things that are here:
a +0 club; a +0 ring mail; an orc corpse You are now empty-handed.
You drop a +0 dagger.
Adjust to which letter? (? for menu, Esc to quit)
a - a +2 dagger of electrocution You hear the crackle of electricity.
a - a +2 dagger of electrocution (weapon)
There is a hazy altar of Hepliaklqana here.
There is a stone staircase leading up here.
Done exploring.
There is a stone staircase leading up here.
There is an escape hatch in the floor here.
Search for what [Enter for "."]? .
Done exploring.
You fly downwards.
The hatch slams shut behind you.
Casting: Scorch (safe; 1% risk of failure)
Confirm with . or Enter, or press ? or * to list all spells.
Flames lash the orc.
You kill the orc!
Qazlal accepts your kill.
The ogre hits you with a +0 giant spiked club!
Your Stealth skill increases to level 2!
Casting: Scorch (safe; 1% risk of failure)
Confirm with . or Enter, or press ? or * to list all spells.
Flames lash the ogre.
The ogre is moderately wounded.
The ogre's fire resistance burns away.
Casting: Scorch (safe; 1% risk of failure)
Confirm with . or Enter, or press ? or * to list all spells.
Flames lash the ogre.
The ogre is burned terribly!
The ogre is almost dead.
The ogre hits you with a +0 giant spiked club!!
Ouch! That really hurt!
You die...

#. .####### ###
...... ... #####
...####.#
^.....##.......#
#..<..[....#
####.O.....#
#.....@....#
####.......#
#.......#
#......##
#......#
#####... ###. .#


You could see an ogre (combustible).

Vanquished Creatures
  An orc wizard (D:4)
  2 adders (D:3)
  2 worms (D:3)
  2 dart slugs
  6 orcs
  7 ball pythons
  8 endoplasms
  6 goblins
  6 hobgoblins
  7 jackals
  6 kobolds
  4 quokkas
  5 bats
  14 frilled lizards
  5 rats
81 creatures vanquished.

Vanquished Creatures (others)
  94 foxfires
  2 plants (D:1)
96 creatures vanquished.

Grand Total: 177 creatures vanquished

Notes
Turn   | Place    | Note
-------+----------+-------------------------------------------
     0 | D:1      | snetch the Djinni Fire Elementalist began the quest for the
                  | Orb.
     0 | D:1      | Reached XP level 1. HP: 15/15 MP: 0/0
   169 | D:2      | Reached XP level 2. HP: 17/21 MP: 0/0
   698 | D:1      | Reached XP level 3. HP: 19/26 MP: 0/0
   698 | D:1      | Learned a level 1 spell: Freeze
   788 | D:1      | Reached skill level 3 in Spellcasting
  1188 | D:1      | Reached skill level 1 in Fighting
  1698 | D:1      | Reached XP level 4. HP: 23/32 MP: 0/0
  2611 | D:2      | Found a faded altar of an unknown god.
  2617 | D:2      | Prayed at the altar of an unknown god.
  2617 | D:2      | Became a worshipper of Qazlal Stormbringer
  2617 | D:2      | Reached * piety under Qazlal
  2858 | D:3      | Found Fuom's Jewellery Boutique.
  2861 | D:3      | Identified the +2 robe of the Salmon {*Corrode rN++ Slay+6
                  | SInv}
  2986 | D:3      | Reached XP level 5. HP: 33/37 MP: 0/0
  2986 | D:3      | Learned a level 2 spell: Static Discharge
  3208 | D:4      | Reached skill level 1 in Armour
  3209 | D:4      | Noticed an ogre
  3568 | D:3      | Found a hazy altar of Hepliaklqana.
  3769 | D:4      | Demolished by an ogre

Illustrated notes

Levels and vault maps discovered:
D:1:      lemuel_arrival_hallway, layout_basic, minmay_lizard_king
D:2:      layout_rooms, shapermc_ecumenical_altar_mp_highgroup
D:3:      layout_rooms, mainiacjoe_overflow_paths, serial_shops,
          nicolae_shop_crystal
D:4:      layout_basic, dk_rats_in_the_wall

Skill      XL: |  1  2  3  4  5 |
---------------+----------------+-----
Spellcasting   | 3 |  3.8
Fighting       | 1 |  1.7
Armour         | 1 |  1.0
Stealth        | 2 |  2.0
Dodging        | |  2.5

Action                   |  1- 3 |  4- 6 || total
-------------------------+-------+-------++-------
Melee: Short sword       |    29 |     9 ||    38
       Dagger            |       |     1 ||     1
 Cast: Foxfire           |    38 |    21 ||    59
       Scorch            |    17 |    40 ||    57
       Freeze            |       |     3 ||     3
       Conjure Flame     |       |     1 ||     1
 Stab: Sleeping          |     2 |       ||     2
Armor: Ring mail         |     6 |    12 ||    18
       Leather armour    |     3 |       ||     3
Dodge: Dodged            |    25 |    19 ||    44
Block: Other             |       |     1 ||     1

Table legend: (Time is in decaauts)
 A = Elapsed time spent in this place.
 B = Non-inter-level travel time spent in this place.
 C = Inter-level travel time spent in this place.
 D = Time resting spent in this place.
 E = Time spent auto-exploring this place.
 F = Levels seen in this place.
 G = Mean time per level.
                   A        B        C        D        E       F      G
               +--------+--------+--------+--------+--------+-----+--------+
         Total |   3772 |   3637 |    135 |    147 |   2687 |   4 |  943.0 |
       Dungeon |   3772 |   3637 |    135 |    147 |   2687 |   4 |  943.0 |
               +--------+--------+--------+--------+--------+-----+--------+

Top non-repeatable levels by time:
     D:1: 1672 daAuts
     D:2: 1131 daAuts
     D:3: 955 daAuts
     D:4: 13 daAuts
